Map: Lerilak Crest

Players

Clonemaster - Winner!

  • Race: Zerg Zerg
  • League: Diamond

michinoob

  • Race: Terran Terran
  • League: Diamond

VOD

Have the link to the VOD?

Description

Time

  • Played on: Jan. 24, 2016, 3:38 a.m.
  • Length: 9:22
Show
View Real Time Build Order
Export as new Build Order

Clonemaster Zerg - Winner!

Build Orders: Hatch First 

Get SALT Encoding   

  12  0:01  Drone  
  13  0:12  Overlord  
  13  0:17  Drone  
  14  0:31  Drone x2  
  14  0:34  Drone  
  17  0:55  Hatchery  
  17  0:56  Drone  
  17  0:59  Drone  
  18  1:13  Spawning Pool  
  18  1:16  Drone  
  18  1:22  Drone  
  19  1:27  Extractor  
  19  1:28  Drone  
  19  1:39  Drone  
  20  1:56  Drone  
  21  2:06  Queen  
  21  2:07  Queen  
  25  2:08  Drone x2  
  25  2:12  Overlord  
  27  2:24  Drone  
  28  2:40  Spore Crawler  
  28  2:42  Queen  
  27  2:53  Drone x3  
  27  2:57  Roach Warren  
  30  2:58  Drone x3, Extractor  
  30  3:00  Queen  
  34  3:21  Metabolic Boost  
  34  3:29  Hatchery  
  33  3:38  Overlord  
  33  3:40  Roach  
  35  3:45  Overlord  
  35  3:55  Lair  
  35  3:57  Roach x4  
  43  4:03  Roach  
  43  4:05  Drone  
  43  4:07  Drone  
  47  4:10  Drone  
  48  4:19  Roach x2  
  52  4:37  Overlord x2  
  52  4:47  Roach x3  
  58  4:56  Roach x4  
  58  4:59  Ravager  
  67  5:00  Zergling x2  
  67  5:01  Zergling x2  
  67  5:02  Ravager  
  70  5:07  Drone x2  
  66  5:49  Ravager  
  63  5:50  Ravager  
  63  5:51  Zergling x2  
  63  5:52  Zergling x18  
  74  5:57  Overlord  
  74  5:58  Overlord x2, Glial Reconstitution  
  41  6:37  Roach x4  
  41  6:38  Roach x6  
  41  6:39  Zergling x14  
  65  6:43  Overseer  
  65  6:47  Drone  
  65  6:48  Extractor  
  65  6:50  Drone  
  66  7:00  Roach  
  66  7:01  Roach x2  
  72  7:03  Drone  
  73  7:19  Roach x4  
  76  7:48  Roach  
  76  7:49  Roach x6  
  90  7:55  Roach  
  90  7:56  Zergling x2  
  91  8:18  Roach x3  
  96  8:25  Extractor  
  95  8:27  Overlord x4  
  95  8:29  Drone x2  
  95  8:31  Pneumatized Carapace  
  90  8:49  Ravager  
  90  8:50  Ravager, Zergling x2  
  90  8:51  Zergling x16  
  80  9:11  Ravager x2  
  80  9:13  Ravager  
Show
View Real Time Build Order
Export as new Build Order

michinoob Terran 

Build Orders: Reaper Expand, MMM Bio 

Get SALT Encoding   

  12  0:01  SCV  
  13  0:13  SCV  
  14  0:20  Supply Depot  
  14  0:25  SCV  
  15  0:42  SCV  
  16  0:43  Barracks  
  16  0:47  Refinery  
  16  0:54  SCV  
  17  1:06  SCV  
  18  1:18  SCV  
  19  1:32  Reaper  
  20  1:39  Command Center  
  20  1:42  Orbital Command  
  20  1:56  Supply Depot  
  20  2:05  Marine  
  21  2:11  SCV  
  22  2:21  Factory  
  22  2:26  Barracks Reactor  
  22  2:41  SCV  
  23  2:52  Orbital Command  
  23  2:53  SCV  
  23  2:55  Bunker  
  24  2:59  Refinery  
  24  3:05  SCV  
  25  3:15  Barracks Tech Lab, Hellion x2  
  25  3:17  SCV  
  30  3:30  SCV  
  30  3:33  SCV  
  32  3:36  Stimpack, Marauder  
  32  3:37  Hellion x2  
  38  3:42  SCV  
  38  3:45  SCV  
  40  3:57  SCV, Barracks  
  40  3:58  Barracks  
  40  3:59  Marine  
  40  4:02  Widow Mine x2  
  46  4:11  Starport  
  46  4:23  Supply Depot  
  46  4:38  Supply Depot  
  46  4:42  Refinery  
  46  4:44  SCV x2  
  48  4:49  Command Center, Barracks Reactor  
  48  4:50  Starport Reactor  
  48  4:53  Factory Reactor  
  48  4:54  Factory Tech Lab  
  48  4:56  SCV x2  
  50  5:02  Marine x2  
  50  5:03  Marauder  
  54  5:08  SCV  
  54  5:09  SCV  
  54  5:14  Refinery  
  56  5:20  Marine x2  
  56  5:21  SCV x2  
  58  5:24  Marine  
  59  5:28  Marine  
  59  5:29  Marine  
  59  5:33  SCV x2  
  63  5:36  Siege Tank  
  63  5:38  Marine x2  
  66  5:47  Marine x2  
  65  5:50  SCV x2  
  65  5:54  Medivac  
  65  5:55  Marine  
  70  6:02  SCV  
  59  6:20  Marine x4  
  54  6:29  Marine  
  49  6:38  Siege Tank, Marine x4  
  56  6:40  SCV x2  
  56  6:44  Orbital Command  
  58  6:47  Marine  
  58  6:48  Medivac  
  58  6:52  SCV  
  58  6:53  SCV  
  63  6:55  Marine  
  63  6:56  Marine  
  63  6:58  Supply Depot, Marine  
  66  7:02  Combat Shields  
  66  7:04  SCV  
  66  7:05  SCV  
  66  7:07  Marauder, Marine  
  71  7:10  Siege Tank  
  71  7:11  Medivac  
  71  7:13  Marine x2  
  68  7:29  Marauder  
  62  7:41  Marine  
  62  7:42  Marine x3  
  57  7:49  Marine  
  58  7:57  Medivac x2  
  61  7:59  Marine x2  
  61  8:00  Marine x2  
  64  8:07  Marine  
  64  8:10  Orbital Command  
  64  8:17  Marine x3  
  64  8:18  Marine  
  65  8:25  Marine  
  66  8:27  Medivac  
  68  8:35  Marine x4  
  72  8:50  Marine  
  72  8:53  Marine x4  
Tags
 
Add a new tag
Caveats
  • Supply blocks, unpowered buildings, or Contaminate may cause inaccurate times.
  • Supply counts are checked every 10 seconds.